 Dungeon Crawl Stone Soup version 0.23.0 (webtiles) character file.

Game seed: 16614423840307427789

73 tidbits the Charmwright (level 4, 0/38 HPs)
             Began as a Gnoll Skald on Feb 11, 2019.
             Killed by divine providence
             ... invoked by an orc priest
              (13 damage)
             ... on level 5 of the Dungeon.
             The game lasted 00:04:23 (384 turns).

tidbits the Charmwright (Gnoll Skald)                Turns: 384, Time: 00:04:24

Health: 0/38       AC:  3    Str: 13    XL:     4   Next: 27%
Magic:  8/11       EV: 14    Int: 16    God:
Gold:   7          SH:  0    Dex: 15    Spells: 2/13 levels left

rFire    + . .     SeeInvis .   a - +0 trident (curse)
rCold    + . .     Gourm    .   (no shield)
rNeg     . . .     Faith    .   b - +0 leather armour
rPois    +         Spirit   .   (no helmet)
rElec    +         Reflect  .   (no cloak)
rCorr    +         Harm     .   (no gloves)
MR       .....                  (no boots)
Stlth    ++........             g - amulet of magic regeneration
HPRegen  0.12/turn              (no ring)
MPRegen  0.37/turn              (no ring)

@: resistant, shrouded, singing (expiring)
A: distributed training, fangs 1, strong nose
a: no special abilities


You were on level 5 of the Dungeon.
You were full.

You visited 1 branch of the dungeon, and saw 5 of its levels.

You collected 7 gold pieces.

Inventory:

Hand Weapons
 a - a cursed +0 trident (weapon)
 j - a +0 spear
Missiles
 e - 4 javelins of penetration (quivered)
Armour
 b - a +0 leather armour (worn)
Jewellery
 g - an amulet of magic regeneration (around neck)
   (You found it on level 1 of the Dungeon)
Scrolls
 c - a scroll of blinking {unknown}
 f - 3 scrolls of remove curse {unknown}
 h - a scroll of identify {unknown}
Potions
 k - a potion of berserk rage {unknown}
Comestibles
 d - a ration


   Skills:
 + Level 4.6 Fighting
 + Level 1.0 Short Blades
 + Level 1.0 Long Blades
 + Level 1.0 Axes
 + Level 1.0 Maces & Flails
 + Level 4.6 Polearms
 + Level 1.0 Staves
 + Level 1.0 Slings
 + Level 1.0 Bows
 + Level 1.0 Crossbows
 + Level 1.0 Throwing
 + Level 2.7 Armour
 + Level 4.6 Dodging
 + Level 1.0 Stealth
 + Level 1.0 Shields
 + Level 1.0 Unarmed Combat
 + Level 5.0 Spellcasting
 + Level 0.8 Conjurations
 + Level 0.8 Hexes
 + Level 5.4 Charms
 + Level 0.8 Summonings
 + Level 0.8 Necromancy
 + Level 0.8 Translocations
 + Level 0.8 Transmutations
 + Level 0.8 Fire Magic
 + Level 0.8 Ice Magic
 + Level 0.8 Air Magic
 + Level 0.8 Earth Magic
 + Level 0.8 Poison Magic
 + Level 1.1 Invocations
 + Level 1.0 Evocations


You had 2 spell levels left.
You knew the following spells:

 Your Spells              Type           Power        Failure   Level  Hunger
g - Shroud of Golubria    Chrm/Tloc      ##........   9%          2    #......
i - Infusion              Chrm           ###.         1%          1    None
r - Regeneration          Chrm/Necr      ##........   16%         3    ###....
w - Spectral Weapon       Hex/Chrm       ##......     16%         3    ###....
y - Song of Slaying       Chrm           ###.....     3%          2    #......

Your spell library contained the following spells:

 Spells                   Type           Power        Failure   Level  Hunger


Dungeon Overview and Level Annotations

Branches:
Dungeon (5/15)
 Temple: D:4-7

Altars:


Innate Abilities, Weirdness & Mutations

Your experience applies equally to all skills.
You have very sharp teeth.
Your uncanny sense of smell can sniff out nearby items.


Message History

Found a leather armour.
Found an inky potion.
You see here an inky potion.
k - an inky potion
There is a stone staircase leading down here.
You climb downwards.
There is a stone staircase leading up here.
Unknown command.
An orc wizard comes into view. It is wielding a +0 dagger.
The orc wizard shouts!
The orc wizard moves out of view.
Found a dagger.
Casting: Spectral Weapon (safe; 17% risk of failure)
Confirm with . or Enter, or press ? or * to list all spells.
You start singing a song of slaying.
You hear a shout!
Unknown command.
Casting: Song of Slaying (safe; 3% risk of failure)
Confirm with . or Enter, or press ? or * to list all spells.
You draw out your weapon's spirit!
You swap places.
An orc and an orc priest come into view.
The orc shouts!
An orc wizard comes into view. It is wielding a +0 dagger.
Unknown command.
Unknown command.
You hear a shout! x2
Unknown command.
Throwing (i - inventory)
e - 5 javelins of penetration (quivered)
Press: ? - help, Shift-Dir - straight line, f - orc wizard
Aim: an orc wizard, wielding a +0 dagger and wearing a +0 robe You throw a javelin of penetration.
The javelin of penetration pierces through the orc wizard but does no damage.
You hear a bark!
Attack whom?
Press: ? - help, Dir - move target cursor, f/p - orc wizard
Aim: an orc wizard, wielding a +0 dagger and wearing a +0 robe You reach to attack!
You hit the orc wizard.
The orc wizard is moderately wounded.
Your spectral weapon hits the orc wizard from afar.
You hit the orc wizard but do no damage.
The orc wizard is heavily wounded.
Your spectral weapon hits the orc wizard.
The orc wizard gestures at you while chanting.
The magic dart hits you!
You closely miss the orc wizard.
The orc wizard is severely wounded.
Your spectral weapon hits the orc wizard.
The orc wizard hits you with a +0 dagger.
A hound comes into view.
The orc hits your spectral weapon with a +0 hand axe.
You hit the orc wizard but do no damage.
The orc wizard is almost dead.
Your spectral weapon barely misses the orc wizard.
The orc priest miscasts a cantrip.
The orc wizard points at you and mumbles some strange words.
The magic dart hits you. The hound barely misses you.
The orc closely misses your spectral weapon.
You puncture the orc wizard!
You kill the orc wizard!
Your Short Blades skill increases to level 1!
Your Long Blades skill increases to level 1!
Your Axes skill increases to level 1!
Your Maces & Flails skill increases to level 1!
Your Staves skill increases to level 1!
Your Slings skill increases to level 1!
Your Bows skill increases to level 1!
Your Crossbows skill increases to level 1!
Your Throwing skill increases to level 1!
Your Stealth skill increases to level 1!
Your Shields skill increases to level 1!
Your Unarmed Combat skill increases to level 1!
Your Evocations skill increases to level 1!
You have reached level 4!
You feel agile. The hound closely misses you.
The orc barely misses your spectral weapon.
The hound barely misses you.
Casting: Spectral Weapon (safe; 16% risk of failure)
Confirm with . or Enter, or press ? or * to list all spells.
Space distorts slightly along a thin shroud covering your body.
Your shroud bends the hound's attack away.
The orc wizard hits you with a +0 dagger.
The orc barely misses your spectral weapon.
Unknown command.
It was a potion of resistance.
You feel protected. The hound closely misses you.
The orc priest mumbles some strange prayers to Beogh against you.
Beogh smites you!
* * * LOW HITPOINT WARNING * * *
The orc wizard hits you but does no damage.
The orc misses your spectral weapon. The hound barely misses you.
You closely miss the hound. You bite the hound, but do no damage.
Your song is almost over.
Your spectral weapon hits the hound from afar!
The hound bites you.
* * * LOW HITPOINT WARNING * * *
The orc priest calls down the wrath of Beogh upon you.
Beogh smites you!
You die...

∆ ..o. # #..o
.# ..... ###.
....o #..
...).. #h##
##....###@.#
#......#o(.##
#(.oo<..#
##...#..#
#...####
#####


You could see a hound, an orc priest, an orc wizard, an orc and a friendly
spectral +0 trident.

Vanquished Creatures
  An orc wizard (D:5)
  2 adders (D:2)
  A worm (D:2)
  4 dart slugs (D:2)
  A leopard gecko (D:2)
  A giant cockroach (D:2)
  2 goblins (D:2)
  A ball python (D:3)
  5 bats
  3 frilled lizards
  A kobold (D:1)
  3 rats
25 creatures vanquished.

Notes
Turn   | Place    | Note
-------+----------+-------------------------------------------
     0 | D:1      | tidbits the Gnoll Skald began the quest for the Orb.
     0 | D:1      | Reached XP level 1. HP: 20/20 MP: 6/6
    83 | D:2      | Reached XP level 2. HP: 26/26 MP: 5/7
   100 | D:2      | Learned a level 2 spell: Song of Slaying
   103 | D:2      | Learned a level 2 spell: Shroud of Golubria
   125 | D:2      | Reached XP level 3. HP: 29/31 MP: 7/9
   130 | D:2      | Learned a level 3 spell: Regeneration
   134 | D:2      | Learned a level 3 spell: Spectral Weapon
   153 | D:2      | Reached skill level 5 in Spellcasting
   159 | D:2      | Reached skill level 1 in Invocations
   368 | D:5      | Entered Level 5 of the Dungeon
   381 | D:5      | Reached skill level 1 in Short Blades
   381 | D:5      | Reached skill level 1 in Long Blades
   381 | D:5      | Reached skill level 1 in Axes
   381 | D:5      | Reached skill level 1 in Maces & Flails
   381 | D:5      | Reached skill level 1 in Staves
   381 | D:5      | Reached skill level 1 in Slings
   381 | D:5      | Reached skill level 1 in Bows
   381 | D:5      | Reached skill level 1 in Crossbows
   381 | D:5      | Reached skill level 1 in Throwing
   381 | D:5      | Reached skill level 1 in Stealth
   381 | D:5      | Reached skill level 1 in Shields
   381 | D:5      | Reached skill level 1 in Unarmed Combat
   381 | D:5      | Reached skill level 1 in Evocations
   381 | D:5      | Reached XP level 4. HP: 24/38 MP: 9/11
   384 | D:5      | Killed from afar by an orc priest

Skill      XL: |  1  2  3 |
---------------+----------+-----
Spellcasting   | 5 |  5.0
Invocations    | 1 |  1.1
Short Blades   | 1 |  1.0
Long Blades    | 1 |  1.0
Axes           | 1 |  1.0
Maces & Flails | 1 |  1.0
Staves         | 1 |  1.0
Slings         | 1 |  1.0
Bows           | 1 |  1.0
Crossbows      | 1 |  1.0
Throwing       | 1 |  1.0
Stealth        | 1 |  1.0
Shields        | 1 |  1.0
Unarmed Combat | 1 |  1.0
Evocations     | 1 |  1.0
Fighting       | |  4.6
Polearms       | |  4.6
Armour         | |  2.7
Dodging        | |  4.6
Conjurations   | |  0.8
Hexes          | |  0.8
Charms         | |  5.4
Summonings     | |  0.8
Necromancy     | |  0.8
Translocations | |  0.8
Transmutations | |  0.8
Fire Magic     | |  0.8
Ice Magic      | |  0.8
Air Magic      | |  0.8
Earth Magic    | |  0.8
Poison Magic   | |  0.8

Action                   |  1- 3 |  4- 6 || total
-------------------------+-------+-------++-------
Melee: Spear             |    49 |       ||    49
       Bite              |     3 |     1 ||     4
       Trident           |     5 |     1 ||     6
Throw: Javelin           |     1 |       ||     1
 Cast: Infusion          |     3 |       ||     3
       Spectral Weapon   |     5 |       ||     5
       Song of Slaying   |     2 |       ||     2
       Regeneration      |     1 |       ||     1
       Shroud of Golubri |       |     1 ||     1
  Use: Potion            |       |     1 ||     1
  Eat: Ration            |     1 |       ||     1
Armor: Leather armour    |    12 |     1 ||    13
Dodge: Dodged            |    18 |     4 ||    22

Table legend:
 A = Turns spent in this place as a percentage of turns spent in the entire game.
 B = Non-inter-level travel turns spent in this place as a percentage of non-inter-level travel turns spent in the entire game.
 C = Inter-level travel turns spent in this place as a percentage of turns spent in this place.
 D = Turns resting spent in this place as a percentage of non-inter-level travel turns spent in this place.
 E = Turns spent auto-exploring this place as a percentage of non-inter-level travel turns spent in this place.
 F = Non-inter-level travel turns spent in this place divided by the number of levels of this place that you've seen.
                   A       B       C       D       E      F
               +-------+-------+-------+-------+-------+----------------------
         Total | 100.0 | 100.0 |   0.0 |   0.0 |   0.0 |  76.8
       Dungeon | 100.0 | 100.0 |   0.0 |   0.0 |   0.0 |  76.8
               +-------+-------+-------+-------+-------+----------------------

Table legend:
 A = Kills in this place as a percentage of kills in entire the game.
 B = Kills by you in this place as a percentage of kills by you in the entire game.
 C = Kills by friends in this place as a percentage of kills by friends in the entire game.
 D = Other kills in this place as a percentage of other kills in the entire game.
 E = Experience gained in this place as a percentage of experience gained in the entire game.
 F = Experience gained in this place divided by the number of levels of this place that you have seen.
                   A       B       C       D       E      F
               +-------+-------+-------+-------+-------+----------------------
         Total | 100.0 | 100.0 |   N/A |   N/A | 100.0 |  21.0
       Dungeon | 100.0 | 100.0 |   N/A |   N/A | 100.0 |  21.0
               +-------+-------+-------+-------+-------+----------------------

Levels and vault maps discovered:
D:1:      giann_forest_graveyard, layout_basic, minmay_tripent
D:2:      layout_basic
D:3:      layout_basic, chequers_serial_rivers_micro_d, uniq_ijyb
D:4:      layout_basic, serial_shops, shop, first_ration, minmay_cut_off
D:5:      layout_cave_pools, chequers_temple_overflow_statue_of_worship,
          gammafunk_temple_overflow_pools, minivault_14, grunt_decor_fettered
